 Dungeon Crawl Stone Soup version 0.29-a0-620-g13ace881f2 (webtiles) character file.

Game seed: 11475816189884866367

42 wilfster70 the Digger (level 3, -1/19 HPs)
             Began as a Gargoyle Earth Elementalist on June 18, 2022.
             Slain by a river rat (3 damage)
             ... on level 3 of the Dungeon.
             The game lasted 00:03:53 (1932 turns).

wilfster70 the Digger (Gargoyle Earth Elementalist) Turns: 1932, Time: 00:03:54

Health: -1/19      AC:  7    Str: 11    XL:     3   Next: 56%
Magic:  0/6        EV: 11    Int: 17    God:
Gold:   132        SH:  0    Dex: 10    Spells: 6/7 levels left

rFire   . . .      SeeInvis .   a - +0 mace
rCold   . . .      Faith    .   (no shield)
rNeg    + . .      Spirit   .   e - +0 robe
rPois   ∞          Reflect  .   n - +0 helmet
rElec   +          Harm     .   (no cloak)
rCorr   .          Rampage  .   (no gloves)
Will    .....                   c - +0 pair of boots
Stlth   ++........              (no amulet)
HPRegen 0.06/turn               (no ring)
MPRegen 0.10/turn               (no ring)

@: no status effects
A: sickness immunity, AC +3, negative energy resistance 1, electricity
resistance, torment resistance 1, petrification resistance
a: no special abilities


You were on level 3 of the Dungeon.
You visited 1 branch of the dungeon, and saw 3 of its levels.

You collected 132 gold pieces.

Inventory:

Hand Weapons
 a - a +0 mace (weapon)
Missiles
 g - a throwing net
Armour
 c - a +0 pair of boots (worn)
 e - a +0 robe (worn)
 n - a +0 helmet (worn)
Scrolls
 d - a scroll of blinking {unknown}
 f - a scroll of fear {unknown}
 h - 3 scrolls of identify {unknown}
 o - a scroll of acquirement {unknown}
Potions
 b - a potion of magic
 i - 2 potions of brilliance {unknown}
 j - 2 potions of degeneration {unknown}
 k - 2 potions of curing {unknown}
 l - a potion of might {unknown}
 m - a potion of haste {unknown}


   Skills:
 - Level 1.5 Dodging
 - Level 2.1 Stealth
 + Level 2.5 Spellcasting
 - Level 0.7 Transmutations
 * Level 4.9 Earth Magic


You had 6 spell levels left.
You knew the following spells:

 Your Spells              Type           Power      Damage    Failure   Level
a - Sandblast             Erth           36%        2d10      2%          1

Your spell library contained the following spells:

 Spells                   Type           Power      Damage    Failure   Level
 Passwall                 Tmut/Erth      9%         N/A       9%          2
 Stone Arrow              Conj/Erth      20%        3d8       21%         3
 Ensorcelled Hibernation  Hex/Ice        4%         N/A       28%         2
 Scorch                   Fire           4%         2d5       28%         2
 Swiftness                Air            2%         N/A       50%         3
 Petrify                  Tmut/Erth      11%        N/A       50%         4
 Flame Wave               Conj/Fire      2%         2d4       88%         4
 Summon Cactus Giant      Summ           1%         N/A       100%        6


Dungeon Overview and Level Annotations

Branches:
Dungeon (3/15)

Altars:
Elyvilon


Innate Abilities, Weirdness & Mutations

You are immune to sickness and miasma.
Your stone body is resilient. (AC +3)
You are immune to poison.
You resist negative energy. (rN+)
You are resistant to electric shocks. (rElec)
You are resistant to unholy torment.
You are immune to petrification.


Message History

The blast of sand hits the river rat.
The river rat is severely wounded.
The river rat bites you but does no damage.
The river rat closely misses you.
Casting: Sandblast (safe; 2% risk of failure)
Confirm with . or Enter, or press ? or * to list all spells.
Aiming: Sandblast (safe; 2% risk of failure)
Press: ? - help, Shift-Dir - straight line, f/p - river rat
Aim: a river rat (severely wounded, 77% to hit)
The blast of sand misses the river rat.
The river rat bites you. x2
* * * LOW HITPOINT WARNING * * *
Casting: Sandblast (safe; 2% risk of failure)
Confirm with . or Enter, or press ? or * to list all spells.
Aiming: Sandblast (safe; 2% risk of failure)
Press: ? - help, Shift-Dir - straight line, f/p - river rat
Aim: a river rat (severely wounded, 77% to hit)
The blast of sand hits the river rat!
You kill the river rat!
The river rat misses you.
Casting: Sandblast (safe; 2% risk of failure)
Confirm with . or Enter, or press ? or * to list all spells.
Aiming: Sandblast (safe; 2% risk of failure)
Press: ? - help, Shift-Dir - straight line, f - river rat
Aim: a river rat (77% to hit)
The blast of sand hits the river rat but does no damage.
The river rat bites you.
* * * LOW HITPOINT WARNING * * *
The river rat bites you but does no damage.
The river rat attacks as you move away! The river rat misses you.
Okay, then.
Casting: Sandblast (safe; 2% risk of failure)
Confirm with . or Enter, or press ? or * to list all spells.
Aiming: Sandblast (safe; 2% risk of failure)
Press: ? - help, Shift-Dir - straight line, f/p - river rat
Aim: a river rat (77% to hit)
The blast of sand hits the river rat.
The river rat is moderately wounded.
The river rat bites you but does no damage.
The river rat bites you.
You die...

#####'## #.# #.#
#####.### #.#
.......##########.##
#.....+...........#
#...!.####.....####
#.....# #.....#
##.....####..[..#
##...w...r@......#
##..####.###......#
#.'## ### #......#
#.#†≈≈≈≈≈+ #......#
#. w≈≈≈≈≈+ #......#
#. ##≈≈### #......#
## ### #......#
..#+#+##


You could see a worm and a river rat.

Vanquished Creatures
  A river rat (D:3)
  A worm (D:2)
  5 ball pythons
  4 bats (D:1)
  2 endoplasms
  3 goblins (D:2)
  2 hobgoblins (D:2)
  3 jackals (D:1)
  A kobold (D:2)
  A frilled lizard (D:2)
  7 rats
30 creatures vanquished.

Notes
Turn   | Place    | Note
-------+----------+-------------------------------------------
     0 | D:1      | wilfster70 the Gargoyle Earth Elementalist began the quest
                  | for the Orb.
     0 | D:1      | Reached XP level 1. HP: 10/10 MP: 3/3
   204 | D:1      | Reached skill level 4 in Earth Magic
   235 | D:1      | Reached XP level 2. HP: 15/15 MP: 3/5
  1352 | D:2      | Found a white marble altar of Elyvilon.
  1404 | D:2      | Reached XP level 3. HP: 19/19 MP: 4/6
  1932 | D:3      | Slain by a river rat

Illustrated notes

Levels and vault maps discovered:
D:1:      dpeg_arrival_leaves_temple_mockup, layout_basic, supply_closet_lemuel,
          st_stairs_6
D:2:      layout_loops_cross, basic_altar
D:3:      layout_basic, gup_sewer_entry_bowl, uniq_jessica, uniq_ijyb

Skill      XL: |  1 |
---------------+----+-----
Earth Magic    | 4 |  4.9
Dodging        | |  1.5
Stealth        | |  2.1
Spellcasting   | |  2.5
Transmutations | |  0.7

Action                   || total
-------------------------++-------
Melee: Unarmed           ||     3
       Hand axe          ||    16
 Cast: Sandblast         ||    37
 Stab: Sleeping          ||     1
Armor: Robe              ||    20
Dodge: Dodged            ||    27

Table legend: (Time is in decaauts)
 A = Elapsed time spent in this place.
 B = Non-inter-level travel time spent in this place.
 C = Inter-level travel time spent in this place.
 D = Time resting spent in this place.
 E = Time spent auto-exploring this place.
 F = Levels seen in this place.
 G = Mean time per level.
                   A        B        C        D        E       F      G
               +--------+--------+--------+--------+--------+-----+--------+
         Total |   1971 |   1892 |     79 |    129 |   1257 |   3 |  657.0 |
       Dungeon |   1971 |   1892 |     79 |    129 |   1257 |   3 |  657.0 |
               +--------+--------+--------+--------+--------+-----+--------+

Top non-repeatable levels by time:
     D:1: 1162 daAuts
     D:2: 723 daAuts
     D:3: 86 daAuts
